 Dungeon Crawl Stone Soup version 0.31-a0-702-gf82c85558f (webtiles) character file.

Game seed: 13034832769423919285

25 qw the Shooter (level 3, -3/21 HPs)
             Began as a Gargoyle Hunter on Sept 8, 2023.
             Slain by Sigmund
             ... wielding a +1 scythe of freezing
              (6 damage)
             ... on level 2 of the Dungeon.
             The game lasted 00:00:14 (860 turns).

qw the Shooter (Gargoyle Hunter)                     Turns: 860, Time: 00:00:15

Health: -3/21      AC:  9    Str: 14    XL:     3   Next: 6%
Magic:  3/3        EV:  7    Int:  9    God:
Gold:   35         SH:  0    Dex: 15    Spells: 2/2 levels left

rFire   . . .        Y - +0 shortbow
rCold   . . .        (shield currently unavailable)
rNeg    + . .        j - +0 ring mail
rPois   inf          (no helmet)
rElec   +            (no cloak)
rCorr   .            g - +0 pair of gloves
SInv    .            (no boots)
Will    .....        (no amulet)
Stlth   +            (no ring)
HPRegen 0.23/turn    (no ring)
MPRegen 0.08/turn

%: no passive effects
@: mighty, constricted
A: sickness immunity, AC +3, negative energy resistance 1, electricity
resistance, torment resistance 1, petrification resistance
a: no special abilities


You were on level 2 of the Dungeon.
You visited 1 branch of the dungeon, and saw 2 of its levels.

You collected 35 gold pieces.


Innate Abilities, Weirdness & Mutations

You are immune to sickness and miasma.
Your stone body is resilient. (AC +3)
You are immune to poison.
You resist negative energy. (rN+)
You are resistant to electric shocks. (rElec)
You are resistant to unholy torment.
You are immune to petrification.


   Skills:
 - Level 2.1 Fighting
 - Level 4.8 Ranged Weapons
 + Level 0.4 Armour
 - Level 1.5 Dodging
 - Level 1.1 Stealth


You had 2 spell levels left.
You didn't know any spells.
Your spell library was empty.

Inventory:

Hand Weapons
 Y - a +0 shortbow (weapon)
Armour
 g - a +0 pair of gloves (worn)
 j - a +0 ring mail (worn)
Potions
 d - a potion of enlightenment {unknown}
 e - a potion of cancellation {unknown}
 h - a potion of might

Dungeon Overview and Level Annotations

Branches:
Dungeon (2/15)

Altars:

Shops:
D:1 [

Annotations:
D:2 Sigmund


Message History

You kill the endoplasm!
You start resting.
HP restored.
Done exploring.
What level of the Dungeon? (default 2, ? - help)
You climb downwards.
Level annotation: Sigmund The ball python completely misses you.
The ball python grabs you. The ball python constricts you.
The endoplasm closely misses you.
The endoplasm hits you but does no damage.
The rat barely misses you. The ball python bites you.
The ball python constricts you.
The endoplasm hits you but does no damage.
The endoplasm freezes you.
You are frozen.
Sigmund hits you but does no damage. The rat barely misses you.
There is a stone staircase leading up here.
You shoot an arrow.
The arrow barely misses the ball python.
The ball python closely misses you. The ball python constricts you.
The dart slug launches a dart at you. The slug dart misses you.
The slug dart hits the endoplasm.
The endoplasm freezes you.
You are frozen.
The endoplasm barely misses you. The rat barely misses you.
You shoot an arrow. The arrow hits the ball python.
The ball python is moderately wounded.
The ball python bites you but does no damage.
The ball python constricts you. Sigmund hits you but does no damage.
The endoplasm freezes you.
You are frozen.
The endoplasm freezes you.
You are frozen.
The rat bites you.
The ball python bites you but does no damage.
The ball python constricts you.
You shoot an arrow.
The arrow barely misses the ball python.
The arrow closely misses the kobold.
The endoplasm closely misses you. x2; The rat barely misses you.
Sigmund hits you from afar with a +1 scythe of freezing.
You die...
Sigmund begins carving another notch in his scythe.

#......!.
#........
#........
#######......>.
...............
.......w.......
......J......#
.....KS@.....#
......Jr.....#
.......@.......
............<..
....?..........
#####..###.....
..# ##... #.#
#..


You could see Sigmund, a dart slug, 2 endoplasms, a ball python, a kobold and a
rat.

Vanquished Creatures
  A dart slug (D:1)
  3 ball pythons (D:1)
  2 endoplasms (D:1)
  4 goblins
  3 hobgoblins (D:1)
  A kobold (D:1)
  A quokka (D:1)
  4 frilled lizards (D:1)
  2 rats (D:1)
21 creatures vanquished.

Notes
Turn   | Place    | Note
-------+----------+-------------------------------------------
     0 | D:1      | qw the Gargoyle Hunter began the quest for the Orb.
     0 | D:1      | Reached XP level 1. HP: 12/12 MP: 1/1
     0 | D:1      | 0 ||| qw: Version: 0.3-a-76-g4403597
     0 | D:1      | 0 ||| qw: Game counter: 1080
     0 | D:1      | 0 ||| qw: Melee chars always use a shield: true
     0 | D:1      | 0 ||| qw: God list: Okawaru
     0 | D:1      | 0 ||| qw: Allow faded altars: false
     0 | D:1      | 0 ||| qw: Do Orc after clearing Dungeon:15 true
     0 | D:1      | 0 ||| qw: Do second Lair branch before Depths: true
     0 | D:1      | 0 ||| qw: Lair rune preference: random
     0 | D:1      | 0 ||| qw: Goals: Normal
     0 | D:1      | 0 ||| PLANNING D:1-11
   299 | D:1      | Reached XP level 2. HP: 14/17 MP: 2/2
   357 | D:1      | Found Ijiabb's Armour Emporium.
   368 | D:1      | 368 ||| SHOPLISTING +0 ring mail (48 gold, have 35).
   368 | D:1      | 368 ||| SHOPLISTING +1 ring mail of the Thunderstorm
                  | {rElec} (276 gold, have 35).
   368 | D:1      | 368 ||| SHOPLISTING +2 pair of boots of rampaging (258
                  | gold, have 35).
   786 | D:1      | 786 ||| UPGRADING to +0 pair of gloves.
   791 | D:1      | 791 ||| UPGRADING to +0 ring mail.
   801 | D:1      | 801 ||| DROPPING +0 leather armour.
   802 | D:1      | 802 ||| READING scroll labelled JEUCIE UNIACOU.
   803 | D:1      | 803 ||| READING scroll labelled JOFES MATHRI.
   804 | D:1      | 804 ||| DRINKING 2 coppery potions.
   805 | D:1      | 805 ||| DROPPING scroll of butterflies.
   827 | D:2      | Noticed Sigmund
   829 | D:2      | Reached XP level 3. HP: 21/21 MP: 3/3
   830 | D:2      | 830 ||| STAIRDANCE
   859 | D:2      | HP: 3/21 [rat (3)]
   860 | D:2      | Slain by Sigmund

Levels and vault maps discovered:
D:1:      dpeg_arrival_refuge, layout_basic, serial_shops,
          nicolae_shop_waterfront
D:2:      layout_rooms, basic_altar, chequers_ecumenical_altar_grove,
          chequers_serial_rivers_marsh, uniq_jessica, uniq_sigmund

Action                     || total
---------------------------++-------
   Fire: Shortbow          ||    46
    Use: Scroll            ||     2
         Potion            ||     1
 Armour: Leather armour    ||     1
         Ring mail         ||    11
  Dodge: Dodged            ||    15

Table legend:
 A = Non-vault XP
 B = Vault XP
 C = Vault XP percentage of total XP
 D = Non-vault monster count
 E = Vault monster count
 F = Vault count percentage of total count
                 A         B        C        D         E       F
            +---------+---------+-------+---------+---------+-------
      Total |      37 |       0 |   0.0 |      21 |       0 |   0.0
            +---------+---------+-------+---------+---------+-------
        D:1 |      35 |       0 |   0.0 |      20 |       0 |   0.0
        D:2 |       2 |       0 |   0.0 |       1 |       0 |   0.0
            +---------+---------+-------+---------+---------+-------
